 Dungeon Crawl Stone Soup version 0.25-a0-404-gc1b5a34292 (webtiles) character file.

Game seed: 12718112867033160154, levelgen mode: deterministic

772 Katsumi the Skirmisher (level 7, 0/61 HPs)
             Began as a Vine Stalker Assassin on Jan 11, 2020.
             Was a Believer of Uskayaw.
             Succumbed to a gnoll sergeant zombie's poison
             ... on level 5 of the Dungeon.
             The game lasted 00:10:08 (4932 turns).

Katsumi the Skirmisher (Vine Stalker Assassin)      Turns: 4932, Time: 00:10:08

Health: 0/61       AC:  3    Str: 21    XL:     7   Next: 83%
Magic:  0/8        EV: 11    Int: 11    God:    Uskayaw [**....]
Gold:   254        SH:  0    Dex: 15    Spells: 1/6 levels left

rFire    . . .     SeeInvis .   a - +2 dagger
rCold    . . .     Gourm    .   (no shield)
rNeg     . . .     Faith    +   b - +0 robe
rPois    .         Spirit   +   (no helmet)
rElec    .         Reflect  .   h - +0 cloak
rCorr    .         Harm     .   (no gloves)
MR       +....                  (no boots)
Stlth    ..........             n - amulet of faith
HPRegen  0.60/turn              r - ring of protection from magic (curse)
MPRegen  0.11/turn              i - ring of wizardry

@: berserking (expiring), lethally poisoned (0 -> -26), very quick
A: fangs 2, regeneration 1, magic shield, antimagic bite, no potion heal 3, rot
immunity
a: Stomp, Line Pass, Renounce Religion


You were on level 5 of the Dungeon.
You worshipped Uskayaw.
Uskayaw was noncommittal.
You were not hungry.

You visited 2 branches of the dungeon, and saw 6 of its levels.

You collected 254 gold pieces.

Inventory:

Hand Weapons
 a - a +2 dagger (weapon)
Missiles
 d - 8 poisoned darts (quivered)
 e - 2 curare-tipped darts
 l - 14 bolts
 p - 110 stones
 t - 3 boomerangs
 G - 2 throwing nets
Armour
 b - a +0 robe (worn)
 h - a +0 cloak (worn)
Magical Staves
 C - an uncursed staff of death {unknown}
 D - an uncursed staff of earth {unknown}
Jewellery
 i - a ring of wizardry (right hand)
 n - an amulet of faith (around neck)
 r - a cursed ring of protection from magic (left hand)
 y - a cursed amulet of inaccuracy {unknown}
Wands
 u - a wand of flame (16)
 v - a wand of polymorph (18)
Scrolls
 c - a scroll of immolation {unknown}
 k - 8 scrolls of identify {unknown}
 m - a scroll of amnesia {unknown}
 o - 6 scrolls of teleportation {unknown}
 q - 2 scrolls of fog {unknown}
 x - a scroll of magic mapping {unknown}
 A - a scroll of random uselessness {unknown}
 E - 3 scrolls of remove curse {unknown}
Potions
 j - 3 potions of heal wounds
 s - a potion of lignification {unknown}
 w - a potion of curing {unknown}
 z - a potion of flight {unknown}
 B - 3 potions of agility {unknown}
 H - 2 potions of resistance
Comestibles
 f - 7 rations
 F - 4 chunks of flesh


   Skills:
 + Level 6.4 Fighting
 - Level 4.1 Short Blades
 - Level 1.7 Throwing
 - Level 0.7 Dodging
 - Level 6.0 Stealth


You had one spell level left.
You knew the following spells:

 Your Spells              Type           Power        Failure   Level  Hunger
a - Blink                 Tloc           N/A          21%         2    ###....
b - Mephitic Cloud        Conj/Pois/Air  #.......     38%         3    ####...

Your spell library contained the following spells:

 Spells                   Type           Power        Failure   Level  Hunger
 Magic Dart               Conj           #...         14%         1    ##.....
 Call Imp                 Summ           #.......     21%         2    ###....
 Slow                     Hex            #.......     21%         2    ###....
 Conjure Flame            Conj/Fire      #.......     38%         3    ####...


Dungeon Overview and Level Annotations

Branches:
Dungeon (5/15)             Temple (1/1) D:5

Altars:
Ashenzari
Dithmenos
Kikubaaqudgha
Makhleb
Nemelex Xobeh
Okawaru
Qazlal
Trog
Uskayaw
Vehumet
Xom
Yredelemnul
The Shining One

Annotations:
D:4 3 runed translucent doors, DerDa's ghost, novice OpWz; anet's ghost, amateur MfWr; endorz's ghost, amateur GrFi
D:5 1 transporter


Innate Abilities, Weirdness & Mutations

You have extremely sharp teeth.
Your natural rate of healing is unusually fast.
When hurt, damage is shared between your health and your magic reserves.
Your bite disrupts and absorbs the magic of your enemies.
Potions cannot restore your health.
You are immune to rotting.


Message History

You are more poisoned.
Unknown command.
Unknown command.
You puncture the ogre zombie! You bite the ogre zombie.
You destroy the ogre zombie!
* * * LOW HITPOINT WARNING * * *
You feel sick.
You can now pass through a line of other dancers.
Unknown command.
Unknown command.
* * * LOW HITPOINT WARNING * * *
You feel sick.
The gnoll sergeant zombie hits you from afar with a +2 spear of venom.
* * * LOW HITPOINT WARNING * * *
You are more poisoned.
The gnoll sergeant zombie barely misses you.
Unknown command.
Unknown command.
You feel a strong urge to attack something.
You die...

#.......#...#
#.......$##
#.#...#.....#
#.........©.#
#######.######### #.
#...#°○°○○.°# #
###.###.#.#○○○○○☼○#
#.#...#...#.#○°#©#☼☼#
#.....#[###.#°☼.@(☼○#
#.....###.#°○#)#°○#
###.......#○°ZZ.☼°#
.###....#######☼○☼###
....$......#☼°☼°☼°..°#
.#....#...##○°°.○°°○°#
#>##.#....#○.☼...○☼°#
#. #.#....#°☼°$:$○○☼#
# #.#....#°°°?©(.°○# #


You could see 2 gnoll sergeant zombies.

Vanquished Creatures
  2 sky beasts (D:4)
  An ogre (D:4)
  2 electric eels (D:3)
  Crazy Yiuf (D:3)
  A centaur skeleton (D:4)
  A hound (D:4)
  A bullfrog skeleton (D:5)
  Jessica (D:3)
  An iguana (D:5)
  An ogre zombie (D:5)
  8 gnolls (D:5)
  7 adders
  2 oozes
  An adder skeleton (D:4)
  A worm (D:5)
  A dart slug (D:1)
  4 leopard geckos
  10 orcs
  6 ball pythons
  3 giant cockroaches
  6 goblins
  8 hobgoblins
  4 jackals (D:4)
  4 quokkas
  9 bats
  4 frilled lizards
  8 kobolds
  9 rats
107 creatures vanquished.

Vanquished Creatures (others)
  A plant (D:2)
1 creature vanquished.

Grand Total: 108 creatures vanquished

Notes
Turn   | Place    | Note
-------+----------+-------------------------------------------
     0 | D:1      | Katsumi the Vine Stalker Assassin began the quest for the
                  | Orb.
     0 | D:1      | Reached XP level 1. HP: 11/11 MP: 2/2
    52 | D:1      | Reached skill level 5 in Stealth
    63 | D:1      | Reached XP level 2. HP: 13/15 MP: 3/3
   533 | D:2      | Reached XP level 3. HP: 19/19 MP: 4/4
  1086 | D:2      | Gained mutation: Your natural rate of healing is unusually
                  | fast. [Vine Stalker growth]
  1086 | D:2      | Reached XP level 4. HP: 7/24 MP: 1/5
  1343 | D:2      | Found an iron altar of Okawaru.
  1700 | D:2      | Found a hide-covered altar of Uskayaw.
  1812 | D:3      | Reached XP level 5. HP: 26/29 MP: 3/6
  2093 | D:3      | Found a transporter.
  2114 | D:3      | Reached XP level 6. HP: 33/33 MP: 7/7
  2118 | D:3      | Found a transporter.
  2293 | D:3      | Noticed Jessica
  2303 | D:3      | Killed Jessica
  2656 | D:3      | Found a runed translucent door.
  2657 | D:3      | Noticed Crazy Yiuf
  2752 | D:3      | Killed Crazy Yiuf
  3165 | D:4      | Found a runed translucent gate.
  3165 | D:4      | Found a runed translucent gate.
  3165 | D:4      | Found a runed translucent gate.
  3165 | D:4      | Noticed anet's ghost (amateur MfWr)
  3166 | D:4      | Noticed endorz's ghost (amateur GrFi)
  3166 | D:4      | Noticed DerDa's ghost (novice OpWz)
  3204 | D:4      | Found a bloodstained altar of Trog.
  3313 | D:5      | Entered Level 5 of the Dungeon
  3317 | D:5      | Found a staircase to the Ecumenical Temple.
  3334 | D:5      | Found a shimmering altar of Xom.
  3342 | Temple   | Entered the Ecumenical Temple
  3728 | D:2      | Became a worshipper of Uskayaw the Reveler
  3802 | D:5      | Noticed a sky beast
  3809 | D:5      | Reached * piety under Uskayaw
  3822 | D:4      | Reached skill level 5 in Fighting
  3822 | D:4      | Reached XP level 7. HP: 9/39 MP: 6/8
  3822 | D:4      | Reached ** piety under Uskayaw
  4501 | D:5      | Learned a level 2 spell: Blink
  4505 | D:5      | Learned a level 3 spell: Mephitic Cloud
  4755 | D:5      | Found a transporter.
  4835 | D:5      | Reached *** piety under Uskayaw
  4907 | D:5      | Found a transporter.
  4930 | D:5      | HP: 3/61 [poisoned by a gnoll sergeant zombie]
  4931 | D:5      | HP: 1/61 [gnoll sergeant zombie/+2 spear of venom (1)]
  4932 | D:5      | Succumbed to a gnoll sergeant zombie's poison

Levels and vault maps discovered:
D:1:      mrwooster_arrival_arrow, layout_rooms, minmay_misc_feat_hallway,
          hangedman_decor_push
D:2:      minmay_inner_zag, layout_rooms, okawaru_altar_gauntlet_db,
          nicolae_overflow_hidden_temple, serial_bayou, serial_bayou_ford_a,
          serial_bayou_lagoon_a, serial_bayou_crossing, serial_bayou_pond_a,
          first_ration
D:3:      gammafunk_steamed_eel, layout_basic, minmay_shallow_snake_nest,
          uniq_crazy_yiuf_cottage, uniq_jessica
D:4:      layout_rooms, gammafunk_ghost_cemetery, trog_book
D:5:      gammafunk_cloud_chamber, layout_basic, lemuel_crystal_altar,
          nicolae_overflow_crystal_walls, minmay_temple_entry_offerings,
          kennysheep_generic_room_16
Temple:   nicolae_temple_figure_zero

Skill      XL: |  1  2  3  4  5  6  7 |
---------------+----------------------+-----
Fighting       | 2 3 4 5 6 |  6.4
Stealth        | 5 6 |  6.0
Short Blades   | 3 4 |  4.1
Throwing       | |  1.7
Dodging        | |  0.7

Action                   |  1- 3 |  4- 6 |  7- 9 || total
-------------------------+-------+-------+-------++-------
Melee: Dagger            |    92 |   207 |   144 ||   443
       Bite              |    18 |    55 |    47 ||   120
Invok: Stomp             |       |       |     1 ||     1
Evoke: Wand              |       |     2 |       ||     2
  Use: Potion            |       |       |     1 ||     1
 Stab: Sleeping          |     9 |     7 |       ||    16
       Distracted        |       |       |     1 ||     1
       Paralysed         |       |       |     1 ||     1
  Eat: Chunk             |       |     8 |     2 ||    10
       Ration            |       |       |     1 ||     1
Armor: Robe              |    32 |    49 |    17 ||    98
Dodge: Dodged            |    48 |   127 |    42 ||   217

Table legend:
 A = Non-vault XP
 B = Vault XP
 C = Vault XP percentage of total XP
 D = Non-vault monster count
 E = Vault monster count
 F = Vault count percentage of total count
                 A         B        C        D         E       F
            +---------+---------+-------+---------+---------+-------
      Total |     765 |     338 |  30.6 |      82 |      25 |  23.4
            +---------+---------+-------+---------+---------+-------
        D:1 |      33 |       0 |   0.0 |      23 |       0 |   0.0
        D:2 |      88 |      24 |  21.4 |      21 |      11 |  34.4
        D:3 |      56 |     204 |  78.5 |      13 |      10 |  43.5
        D:4 |     433 |      40 |   8.5 |      14 |       1 |   6.7
        D:5 |     155 |      70 |  31.1 |      11 |       3 |  21.4
            +---------+---------+-------+---------+---------+-------
